 Dungeon Crawl Stone Soup version 0.23.0 (webtiles) character file.

Game seed: 17356591781514233654

43 LostNumber the Skirmisher (level 3, -1/29 HPs)
             Began as a Demonspawn Abyssal Knight on Feb 10, 2019.
             Was a Believer of Lugonu.
             Killed by divine providence
             ... invoked by an orc priest
              (16 damage)
             ... on level 3 of the Dungeon.
             The game lasted 00:01:59 (1601 turns).

LostNumber the Skirmisher (DsAK)                    Turns: 1601, Time: 00:01:59

Health: -1/29      AC:  9    Str: 13    XL:     3   Next: 37%
Magic:  5/5        EV: 10    Int: 13    God:    Lugonu [**....]
Gold:   112        SH:  0    Dex: 12    Spells: 2/2 levels left

rFire    . . .     SeeInvis .   a - +1 mace
rCold    . . .     Gourm    .   (no shield)
rNeg     . . .     Faith    .   f - +0 ring mail
rPois    .         Spirit   .   i - +0 hat {MR+}
rElec    .         Reflect  .   (no cloak)
rCorr    .         Harm     .   (no gloves)
MR       +....                  m - +1 pair of boots
Stlth    +.........             (no amulet)
HPRegen  0.09/turn              (no ring)
MPRegen  0.09/turn              (no ring)

@: no status effects
A: icy blue scales 1, rot immunity
a: Depart the Abyss, Bend Space, Renounce Religion


You were on level 3 of the Dungeon.
You worshipped Lugonu.
Lugonu was pleased with you.
You were not hungry.

You visited 1 branch of the dungeon, and saw 3 of its levels.
You visited the Abyss 1 time.

You collected 112 gold pieces.

Inventory:

Hand Weapons
 a - a +1 mace (weapon)
 p - a +0 flail
   (You found it on level 2 of the Dungeon)
Armour
 b - a +0 leather armour
 f - a +0 ring mail (worn)
   (You found it on level 1 of the Dungeon)
 i - a +0 hat of magic resistance (worn)
   (You found it on level 1 of the Dungeon)
 m - a +1 pair of boots (worn)
   (You found it on level 2 of the Dungeon)
Jewellery
 l - an uncursed ring of protection from magic
   (You took it off a hobgoblin on level 2 of the Dungeon)
 n - an uncursed ring of wizardry {unknown}
   (You found it on level 2 of the Dungeon)
Scrolls
 c - 7 scrolls of remove curse {unknown}
 g - 3 scrolls of enchant weapon {unknown}
 j - 3 scrolls of teleportation {unknown}
 o - a scroll of immolation {unknown}
Potions
 d - a potion of degeneration {unknown}
 h - a potion of agility {unknown}
 q - a potion of might {unknown}
Comestibles
 e - 4 rations {!d}
 k - 3 chunks of flesh


   Skills:
 + Level 3.4 Fighting
 * Level 2.8 Maces & Flails
 - Level 1.7 Armour
 - Level 0.8 Dodging
 + Level 3.1 Invocations


You had 2 spell levels left.
You didn't know any spells.
Your spell library contained the following spells:

 Spells                   Type           Power        Failure   Level  Hunger
 Confusing Touch          Hex            #.....       54%         1    ##.....
 Confuse                  Hex            #.......     89%         3    ####...
 Gell's Gravitas          Tloc           #.........   89%         3    ####...
 Petrify                  Tmut/Erth      #.......     100%        4    #####..
 Metabolic Englaciation   Hex/Ice        #.........   100%        5    ######.
 Yara's Violent Unravell  Hex/Tmut       #.........   100%        5    ######.


Dungeon Overview and Level Annotations

Branches:
Dungeon (3/15)

Altars:


Innate Abilities, Weirdness & Mutations

You are partially covered in icy blue scales. (AC +2)
You are immune to rotting.


Message History

Done exploring.
Done exploring.
Done exploring.
Done exploring.
No target in view!
You see here a +0 leather armour.
There is a stone staircase leading down here.
You climb downwards.
Found 20 poisoned needles and a scroll labeled EMIETE NIXOI.
Found a stone staircase leading up.
There is a stone staircase leading up here.
Found a golden potion and 7 gold pieces.
Found 14 gold pieces.
q - a golden potion
g - 3 scrolls labeled EMIETE NIXOI (gained 1)
You now have 98 gold pieces (gained 7).
Found a ration.
You now have 112 gold pieces (gained 14).
An orc comes into view. It is wielding a +0 short sword.
An orc is nearby!
An orc is nearby!
The orc hits you but does no damage.
You sock the orc!
You kill the orc!
Lugonu accepts your kill.
No target in view!
No target in view!
Things that are here:
a +0 short sword; an orc corpse You butcher the orc corpse.
k - 3 chunks of flesh (gained 2)
Things that are here:
a +0 short sword; an orc skeleton
Things that are here:
a +0 short sword; an orc skeleton
Found a stone staircase leading down.
An orc and an orc priest come into view.
The orc priest calls down the wrath of Beogh upon you.
Beogh smites you!
Ouch! That really hurt!
* * * LOW HITPOINT WARNING * * *
You see here a ration {!d}.
Unknown command.
Things that are here:
a +0 short sword; an orc skeleton You see here 20 poisoned needles.
The orc priest calls down the wrath of Beogh upon you.
Beogh smites you!
Ouch! That really hurt!
You die...

## ##<. ....#########.#
###### #.............#
.#...
..#.#.###..########.#.###
...........@..(o......>.#
.#.#..<#...#####o..#...#
#####...#####.###...#
#..........)....####
#.#.#####.###o......
#.#.# #..o...##### #.#.#
###...## #.#.# #.###
#.... .o#


You could see an orc priest and an orc.

Vanquished Creatures
  An ooze (D:2)
  A worm (D:2)
  A leopard gecko (D:2)
  An orc (D:3)
  3 giant cockroaches
  3 goblins
  5 hobgoblins
  4 jackals (D:1)
  2 kobolds (D:1)
  3 bats
  2 frilled lizards
  7 rats
33 creatures vanquished.

Notes
Turn   | Place    | Note
-------+----------+-------------------------------------------
     0 | Abyss:1  | LostNumber the Demonspawn Abyssal Knight began the quest
                  | for the Orb.
     0 | Abyss:1  | Reached XP level 1. HP: 18/18 MP: 2/2
     8 | D:1      | Escaped the Abyss
   304 | D:1      | Gained mutation: You are immune to rotting. [demonic
                  | ancestry]
   304 | D:1      | Reached XP level 2. HP: 19/24 MP: 4/4
  1060 | D:2      | Reached ** piety under Lugonu
  1222 | D:2      | Gained mutation: You are partially covered in icy blue
                  | scales. (AC +2) [demonic ancestry]
  1222 | D:2      | Reached XP level 3. HP: 29/29 MP: 5/5
  1601 | D:3      | Killed from afar by an orc priest

Skill      XL: |  1  2 |
---------------+-------+-----
Maces & Flails | 2 |  2.8
Invocations    | 3 |  3.1
Fighting       | |  3.4
Armour         | |  1.7
Dodging        | |  0.8

Action                   || total
-------------------------++-------
Melee: Mace              ||   110
       Flail             ||     2
  Eat: Chunk             ||     2
Armor: Leather armour    ||    12
       Ring mail         ||    46
Dodge: Dodged            ||    89
